 Dungeon Crawl Stone Soup version 0.27-a0-705-ga0013940fb (webtiles) character file.

Game seed: 18364387660726275913

194 sanka the Changer (level 5, -5/37 HPs)
             Began as a Vampire Transmuter on Mar 22, 2021.
             Slain by an ogre
             ... wielding a +0 giant spiked club
              (14 damage)
             ... on level 3 of the Dungeon.
             The game lasted 00:04:56 (2293 turns).

sanka the Changer (Vampire Transmuter)              Turns: 2293, Time: 00:04:57

Health: -5/37      AC:  2    Str:  9    XL:     5   Next: 44%
Magic:  6/8        EV: 23    Int: 16    God:
Gold:   189        SH:  0    Dex: 20    Spells: 2/8 levels left

rFire    . . .     SeeInvis +     - Unarmed
rCold    . . .     Faith    .   (shield currently unavailable)
rNeg     . . .     Spirit   .   (armour currently unavailable)
rPois    .         Reflect  .   (helmet currently unavailable)
rElec    .         Harm     .   (cloak currently unavailable)
rCorr    .         Rampage  .   (gloves currently unavailable)
Will     .....                  (boots currently unavailable)
Stlth    ++........             (no amulet)
HPRegen  0.32/turn              i - ring of poison resistance
MPRegen  0.11/turn              j - +4 ring of evasion

@: spider-form (expiring), regenerating quickly
A: venomous fangs, alive, tiny, (fangs 3), see invisible, (unbreathing 1),
vampiric 2
a: Exsanguinate, End Transformation


You were on level 3 of the Dungeon.
You were a venomous arachnid creature.
You visited 1 branch of the dungeon, and saw 4 of its levels.

You collected 189 gold pieces.


Innate Abilities, Weirdness & Mutations

You are a venomous arachnid creature.
You have poisonous fangs.
You are tiny and dextrous.
Your spellcasting is less reliable in this form.
Your armour is entirely melded.
You are incapable of wielding weapons or throwing items.
Your natural rate of healing is unusually fast.
((You have razor-sharp teeth.))
You have supernaturally acute eyesight. (SInv)
((You can survive without breathing.))
You are afflicted with vampirism and can become a bat while bloodless.


   Skills:
 - Level 1.0 Fighting
 - Level 2.1 Dodging
 - Level 4.0 Unarmed Combat
 - Level 2.0 Spellcasting
 + Level 4.7 Transmutations
 + Level 2.5 Poison Magic


You had 2 spell levels left.
You knew the following spells:

 Your Spells              Type           Power      Damage    Failure   Level
x - Spider Form           Tmut/Pois      6%         N/A       32%         3
y - Wereblood             Tmut           16%        N/A       13%         2
z - Beastly Appendage     Tmut           32%        N/A       11%         1

Your spell library contained the following spells:

 Spells                   Type           Power      Damage    Failure   Level
 Ice Form                 Ice/Tmut       9%         N/A       80%         4
 Blade Hands              Tmut           8%         N/A       82%         5
 Summon Forest            Summ/Tloc      0%         N/A       100%        5
 Summon Mana Viper        Hex/Summ       1%         N/A       100%        5
 Shadow Creatures         Summ           N/A        N/A       100%        6
 Summon Hydra             Summ           0%         N/A       100%        7

Inventory:

Armour
 a - a +0 robe (melded)
Magical Staves
 o - a staff of conjuration {!a}
Jewellery
 i - a ring of poison resistance (right front leg)
 j - a +4 ring of evasion (left front leg)
Scrolls
 b - a scroll of blinking {unknown}
 c - 2 scrolls of immolation {unknown}
 f - a scroll of brand weapon {unknown}
 h - a scroll of fear {unknown}
 k - a scroll of fog {unknown}
 l - 4 scrolls of identify {unknown}
 m - a scroll of torment {unknown}
 n - a scroll of magic mapping {unknown}
 q - a scroll of vulnerability {unknown}
 r - a scroll of enchant weapon {unknown}
Potions
 d - a potion of curing {unknown}
 e - a potion of mutation {unknown}
 g - 3 potions of heal wounds {unknown}
 p - 2 potions of brilliance {unknown}

Dungeon Overview and Level Annotations

Branches:
Dungeon (4/15)
 Temple: D:4-7

Altars:

Annotations:
D:3 ThereIsNoGod's ghost, amateur OpFi

..........▒.........▒▒.▒▒▒▒...▒
........▒▒▒▒▒▒▒▒....▒▒..▒▒..▒▒▒▒▒
....▒...▒.....#▒...▒▒▒▒.▒▒......▒
▒....▒..▒..▒▒..▒.▒.▒ ▒.▒.......▒
▒▒.>....▒.▒..▒.▒.▒.▒ ▒.▒........
▒.▒▒▒..▒.▒.W▒.▒.▒.▒ ▒.▒........
▒..▒▒▒.▒O.▒▒.£▒©..▒ ▒.........▒
▒▒..▒▒.▒©.O../▒...▒ ▒>.▒......▒
▒▒.▒▒.▒..▒▒..▒s.>▒▒▒▒.<▒▒▒..▒▒▒
▒.▒▒.▒.▒..▒.▒O▒...▒▒..▒ ▒..▒ ▒▒
▒.▒▒.▒.▒..▒.▒.▒▒▒..▒..▒▒▒..▒ .▒
▒....▒..▒▒..▒.▒▒▒▒........▒▒ .▒
▒▒▒..▒......▒..▒▒▒▒▒...▒.▒▒ .▒
▒▒.▒▒▒▒▒▒▒▒...▒▒▒▒..▒▒.▒ .▒▒▒▒
▒.....................▒
....▒▒▒.▒.▒▒........▒▒▒▒▒...▒▒▒▒
.▒▒.....▒..▒....▒▒▒...▒▒▒.▒....▒▒


You could see 3 ogres and ThereIsNoGod's ghost.


Message History

There is a transporter here.
Here: ThereIsNoGod's ghost (fire blocked by a translucent stone wall)
The floor.
The spell is quite dangerous to cast (14% risk of failure)!
Continue anyway?
You miscast Spider Form.
You are very lightly contaminated with residual magic.
Nothing appears to happen.
ThereIsNoGod's ghost whispers, "The ORB doesn't exist."
You start resting.
Your magical contamination has completely faded away.
ThereIsNoGod's ghost stares at you.
ThereIsNoGod's ghost shrieks, "What do you have that I didn't have?"
Magic restored.
The spell is quite dangerous to cast (14% risk of failure)!
Continue anyway?
You turn into a venomous arachnid creature.
You enter the transporter and appear at another place.
You hit the ogre.
The ogre is poisoned.
The ogre is lightly wounded.
You bite the ogre!
The ogre looks as sick as possible!
The ogre is moderately wounded.
The ogre hits you with a +0 giant spiked club!!
Ouch! That really hurt!
* * * LOW HITPOINT WARNING * * *
Your transformation is almost over.
There is a transporter here.
You enter the transporter and appear at another place.
The ogre hits you with a +0 giant spiked club!
You die...

Action                   |  1- 3 |  4- 6 || total
-------------------------+-------+-------++-------
Melee: Unarmed           |    88 |    85 ||   173
       Kick              |     9 |    11 ||    20
       Bite              |     6 |     4 ||    10
       Headbutt          |     7 |     8 ||    15
       Punch             |       |     1 ||     1
 Cast: Beastly Appendage |    19 |    13 ||    32
       Spider Form       |     1 |     2 ||     3
 Stab: Sleeping          |       |     3 ||     3
Armor: Robe              |     7 |     7 ||    14
       Skin              |     1 |       ||     1
Dodge: Dodged            |    69 |    63 ||   132

Levels and vault maps discovered:
D:1:      lightli_arrival_farm, layout_basic, minmay_pentomino_r4
D:2:      layout_basic, minmay_misc_feat_five
D:3:      layout_rooms, gammafunk_ghost_smash, minmay_rat_hole
D:4:      layout_layer_cave, minmay_temple_entry_stoned_glass, uniq_sigmund,
          uniq_blork_the_orc, uniq_grinder

Notes
Turn   | Place    | Note
-------+----------+-------------------------------------------
     0 | D:1      | sanka the Vampire Transmuter began the quest for the Orb.
     0 | D:1      | Reached XP level 1. HP: 14/14 MP: 3/3
    39 | D:1      | Reached skill level 1 in Fighting
   150 | D:1      | Reached XP level 2. HP: 21/21 MP: 3/5
   158 | D:1      | Reached skill level 4 in Unarmed Combat
   810 | D:2      | Reached skill level 3 in Transmutations
   810 | D:2      | Gained mutation: You are afflicted with vampirism and can
                  | become a bat while bloodless. [Vampire growth]
   810 | D:2      | Reached XP level 3. HP: 19/26 MP: 4/6
   945 | D:2      | Learned a level 2 spell: Wereblood
   955 | D:2      | Learned a level 3 spell: Spider Form
  1166 | D:2      | Reached skill level 1 in Poison Magic
  1170 | D:2      | Reached XP level 4. HP: 22/32 MP: 4/7
  1435 | D:4      | Noticed an ogre
  1445 | D:4      | Killed an ogre
  1446 | D:4      | Reached skill level 4 in Transmutations
  1446 | D:4      | Reached skill level 2 in Poison Magic
  1446 | D:4      | Reached XP level 5. HP: 37/37 MP: 4/8
  1506 | D:3      | Found a transporter.
  1506 | D:3      | Found a transporter.
  1506 | D:3      | Noticed ThereIsNoGod's ghost (amateur OpFi)
  1506 | D:3      | Noticed an ogre
  1506 | D:3      | Noticed an ogre
  1506 | D:3      | Noticed an ogre
  2293 | D:3      | Slain by an ogre

Vanquished Creatures
  An ogre (D:4)
  4 gnolls (D:2)
  An adder (D:2)
  A worm (D:2)
  2 dart slugs
  8 hobgoblins
  3 jackals (D:1)
  4 kobolds
  5 oozes
  4 quokkas
  3 ball pythons
  4 bats
  3 frilled lizards
  2 goblins (D:2)
  22 rats
67 creatures vanquished.
